TOP OF THE 1ST |
Las Vegas Stars batting - Pitching for Vancouver Vipers : RHP Gustavo Ramos
|
Pitching: RHP Gustavo Ramos
|
|
Batting: RHB Jonathan MacVey
|
0-0: SINGLE (Line Drive, 56D)
|
Batting: RHB Juan Valverde
|
0-0: Called Strike 0-1: Ball 1-1: Foul Ball, location: 2F 1-2: Ground out 5-3 (Groundball, 56S) Jonathan MacVey to second
|
Batting: RHB Tom Howe
|
0-0: Called Strike 0-1: Ground out 3-1 (Groundball, 34) Jonathan MacVey to third
|
Batting: RHB Kyle Bacon
|
0-0: Ball 1-0: Ball 2-0: Called Strike 2-1: Foul Ball, location: 2F 2-2: Ball 3-2: Foul Ball, location: 2F 3-2: Foul Ball, location: 2F 3-2: Foul Ball, location: 2F 3-2: Foul Ball, location: 2F 3-2: Ground out 6-3 (Groundball, 6)
|
Top of the 1st over - 0 run(s), 1 hit(s), 0 error(s), 1 left on base; Las Vegas 0 - Vancouver 0 |
BOTTOM OF THE 1ST |
Vancouver Vipers batting - Pitching for Las Vegas Stars : RHP Dema Mitenkov
|
Pitching: RHP Dema Mitenkov
|
|
Batting: RHB Miguel Palácios
|
0-0: Swinging Strike 0-1: Fly out, F3 (Popup, 3L)
|
Batting: LHB Dave Gray
|
0-0: Foul Ball, location: 2F 0-1: Foul Ball, location: 2F 0-2: Fly out, F7 (Line Drive, 7S)
|
Batting: LHB Larry Howard
|
0-0: Fly out, F8 (Flyball, 8LM)
|
Bottom of the 1st over - 0 run(s), 0 hit(s), 0 error(s), 0 left on base; Las Vegas 0 - Vancouver 0 |
TOP OF THE 2ND |
Las Vegas Stars batting - Pitching for Vancouver Vipers : RHP Gustavo Ramos
|
Batting: SHB Héctor Barajas
|
0-0: Ball 1-0: Swinging Strike 1-1: Foul Ball, location: 2F 1-2: Foul Ball, location: 2F 1-2: Strikes out swinging
|
Batting: LHB Diego Torres
|
0-0: Ball 1-0: Fly out, F8 (Flyball, 8RD)
|
Batting: LHB Joaquín González
|
0-0: Ball 1-0: Foul Ball, location: 2F 1-1: Swinging Strike 1-2: Foul Ball, location: 2F 1-2: Foul Ball, location: 2F 1-2: Fly out, F2 (Popup, 15)
|
Top of the 2nd over - 0 run(s), 0 hit(s), 0 error(s), 0 left on base; Las Vegas 0 - Vancouver 0 |
BOTTOM OF THE 2ND |
Vancouver Vipers batting - Pitching for Las Vegas Stars : RHP Dema Mitenkov
|
Batting: LHB Nick English
|
0-0: Ball 1-0: Called Strike 1-1: Ball 2-1: SINGLE (Flyball, 8RS)
|
Batting: SHB Henry Copeland
|
0-0: Ball 1-0: Called Strike 1-1: Ground out U3 (Groundball, 34) Nick English to second
|
Batting: RHB Lorenzo González
|
0-0: Ball 1-0: Called Strike 1-1: Ground out 6-3 (Groundball, 6)
|
Batting: LHB Mike Williams
|
0-0: Foul Ball, location: 2F 0-1: Ball 1-1: Foul Ball, location: 2F 1-2: Ball 2-2: Ball 3-2: Ground out 6-3 (Groundball, 6)
|
Bottom of the 2nd over - 0 run(s), 1 hit(s), 0 error(s), 1 left on base; Las Vegas 0 - Vancouver 0 |
TOP OF THE 3RD |
Las Vegas Stars batting - Pitching for Vancouver Vipers : RHP Gustavo Ramos
|
Batting: LHB Paco Rivera
|
0-0: Called Strike 0-1: Ball 1-1: Swinging Strike 1-2: Strikes out swinging
|
Batting: LHB Ethan Marshall
|
0-0: Ball 1-0: Ground out 5-3 (Groundball, 56)
|
Batting: RHB Jonathan MacVey
|
0-0: Called Strike 0-1: Ball 1-1: Swinging Strike 1-2: Foul Ball, location: 2F 1-2: Strikes out swinging
|
Top of the 3rd over - 0 run(s), 0 hit(s), 0 error(s), 0 left on base; Las Vegas 0 - Vancouver 0 |
BOTTOM OF THE 3RD |
Vancouver Vipers batting - Pitching for Las Vegas Stars : RHP Dema Mitenkov
|
Batting: RHB Víctor Arredondo
|
0-0: Ball 1-0: SINGLE (Groundball, 5S) (infield hit)
|
Batting: RHB Ryan Parrish
|
0-0: Ball 1-0: Ball 2-0: Ball 3-0: Base on Balls Víctor Arredondo to second
|
Batting: RHB Miguel Palácios
|
0-0: Called Strike 0-1: Ball 1-1: Swinging Strike 1-2: Foul Ball, location: 2F 1-2: Ball 2-2: Strikes out swinging
|
Batting: LHB Dave Gray
|
0-0: Called Strike Víctor Arredondo is caught stealing 3rd base Ryan Parrish to second 0-1: Ball 1-1: Ball 2-1: Ball 3-1: Base on Balls
|
Batting: LHB Larry Howard
|
0-0: Ball 1-0: Foul Ball, location: 2F 1-1: Fly out, F7 (Flyball, 7LS)
|
Bottom of the 3rd over - 0 run(s), 1 hit(s), 0 error(s), 2 left on base; Las Vegas 0 - Vancouver 0 |
TOP OF THE 4TH |
Las Vegas Stars batting - Pitching for Vancouver Vipers : RHP Gustavo Ramos
|
Batting: RHB Juan Valverde
|
0-0: Ball 1-0: Ball 2-0: Ball 3-0: Base on Balls
|
Batting: RHB Tom Howe
|
0-0: Ball 1-0: Ball 2-0: Foul Ball, location: 2F 2-1: Ball 3-1: Called Strike 3-2: Foul Ball, location: 2F 3-2: Base on Balls Juan Valverde to second
|
Batting: RHB Kyle Bacon
|
0-0: Called Strike 0-1: Ball 1-1: Ball 2-1: DOUBLE (Line Drive, 89D) Juan Valverde scores Tom Howe to third Runner from 3rd tries for Home, SAFE, no throw
|
Batting: SHB Héctor Barajas
|
0-0: Called Strike 0-1: Called Strike 0-2: Ball 1-2: Foul Ball, location: 2F 1-2: Ball 2-2: Strikes out swinging
|
Batting: LHB Diego Torres
|
0-0: Ball 1-0: Called Strike 1-1: Hit by Pitch
|
Batting: LHB Joaquín González
|
0-0: Ball 1-0: Ball 2-0: Ball 3-0: Base on Balls Kyle Bacon to third Diego Torres to second
|
Batting: LHB Paco Rivera
|
0-0: Foul Ball, location: 2F 0-1: Foul Ball, location: 2F 0-2: Fly out, F7 (Flyball, 7S)
|
Batting: LHB Ethan Marshall
|
0-0: Ball 1-0: Ball 2-0: Called Strike 2-1: Foul Ball, location: 2F 2-2: Strikes out swinging
|
Top of the 4th over - 2 run(s), 1 hit(s), 0 error(s), 3 left on base; Las Vegas 2 - Vancouver 0 |
BOTTOM OF THE 4TH |
Vancouver Vipers batting - Pitching for Las Vegas Stars : RHP Dema Mitenkov
|
Batting: LHB Nick English
|
0-0: Called Strike 0-1: Ground out 4-3 (Groundball, 4M)
|
Batting: SHB Henry Copeland
|
0-0: Foul Ball, location: 2F 0-1: Ground out 4-3 (Groundball, 4)
|
Batting: RHB Lorenzo González
|
0-0: Called Strike 0-1: Ball 1-1: Swinging Strike 1-2: Fly out, F9 (Flyball, 9LM)
|
Bottom of the 4th over - 0 run(s), 0 hit(s), 0 error(s), 0 left on base; Las Vegas 2 - Vancouver 0 |
TOP OF THE 5TH |
Las Vegas Stars batting - Pitching for Vancouver Vipers : RHP Gustavo Ramos
|
Batting: RHB Jonathan MacVey
|
0-0: Ball 1-0: SINGLE (Line Drive, 8RS)
|
Batting: RHB Juan Valverde
|
0-0: Foul Ball, location: 2F 0-1: Ground out 4-3 (Groundball, 34S) Jonathan MacVey to second
|
Batting: RHB Tom Howe
|
0-0: Foul Ball, location: 2F 0-1: Foul Ball, location: 2F 0-2: Strikes out looking
|
Batting: RHB Kyle Bacon
|
0-0: Called Strike 0-1: Ball 1-1: Ball 2-1: Swinging Strike 2-2: Foul Ball, location: 2F 2-2: Strikes out looking
|
Top of the 5th over - 0 run(s), 1 hit(s), 0 error(s), 1 left on base; Las Vegas 2 - Vancouver 0 |
BOTTOM OF THE 5TH |
Vancouver Vipers batting - Pitching for Las Vegas Stars : RHP Dema Mitenkov
|
Batting: LHB Mike Williams
|
0-0: Ball 1-0: Ball 2-0: Fly out, F5 (Popup, 5L)
|
Batting: RHB Víctor Arredondo
|
0-0: Called Strike 0-1: Ball 1-1: Foul Ball, location: 2F 1-2: Foul Ball, location: 2F 1-2: Ball 2-2: Ball 3-2: DOUBLE (Line Drive, 7LS)
|
Batting: RHB Ryan Parrish
|
0-0: Ball 1-0: Ball 2-0: Ball 3-0: Base on Balls
|
Batting: RHB Miguel Palácios
|
0-0: Grounds into double play, 3-6-1 (Groundball, 34)
|
Bottom of the 5th over - 0 run(s), 1 hit(s), 0 error(s), 1 left on base; Las Vegas 2 - Vancouver 0 |
TOP OF THE 6TH |
Las Vegas Stars batting - Pitching for Vancouver Vipers : RHP Gustavo Ramos
|
Pitching: RHP Bob Martin
|
|
Batting: SHB Héctor Barajas
|
0-0: Ball 1-0: Swinging Strike 1-1: Ball 2-1: Foul Ball, location: 2F 2-2: Ball 3-2: Foul Ball, location: 2F 3-2: Strikes out swinging
|
Batting: LHB Diego Torres
|
0-0: Fly out, F7 (Flyball, 7)
|
Batting: LHB Joaquín González
|
0-0: Ball 1-0: Called Strike 1-1: Ball 2-1: Ball 3-1: Base on Balls
|
Batting: LHB Paco Rivera
|
0-0: Ball 1-0: Called Strike 1-1: Ball 2-1: Ground out 6-3 (Groundball, 6M)
|
Top of the 6th over - 0 run(s), 0 hit(s), 0 error(s), 1 left on base; Las Vegas 2 - Vancouver 0 |
BOTTOM OF THE 6TH |
Vancouver Vipers batting - Pitching for Las Vegas Stars : RHP Dema Mitenkov
|
Batting: LHB Dave Gray
|
0-0: Swinging Strike 0-1: Ground out 3-1 (Groundball, 34S)
|
Batting: LHB Larry Howard
|
0-0: Foul Ball, location: 2F 0-1: Ball 1-1: Foul Ball, location: 2F 1-2: Foul Ball, location: 2F 1-2: Strikes out swinging
|
Batting: LHB Nick English
|
0-0: Called Strike 0-1: Ball 1-1: Ball 2-1: SOLO HOME RUN (Line Drive, 9D), Distance : 379 ft
|
Batting: SHB Henry Copeland
|
0-0: Ball 1-0: Called Strike 1-1: Foul Ball, location: 2F 1-2: Strikes out looking
|
Bottom of the 6th over - 1 run(s), 1 hit(s), 0 error(s), 0 left on base; Las Vegas 2 - Vancouver 1 |
TOP OF THE 7TH |
Las Vegas Stars batting - Pitching for Vancouver Vipers : RHP Bob Martin
|
Batting: LHB Ethan Marshall
|
0-0: Ball 1-0: Called Strike 1-1: Foul Ball, location: 2F 1-2: Ball 2-2: Ball 3-2: Ground out 6-3 (Groundball, 6)
|
Batting: RHB Jonathan MacVey
|
0-0: Ball 1-0: Fly out, F4 (Popup, 4)
|
Batting: RHB Juan Valverde
|
0-0: Ball 1-0: Foul Ball, location: 2F 1-1: Foul Ball, location: 2F 1-2: SINGLE (Groundball, 6D)
|
Pitching: RHP Mark Greene
|
|
Batting: RHB Tom Howe
|
0-0: Fly out, F7 (Flyball, 7S)
|
Top of the 7th over - 0 run(s), 1 hit(s), 0 error(s), 1 left on base; Las Vegas 2 - Vancouver 1 |
BOTTOM OF THE 7TH |
Vancouver Vipers batting - Pitching for Las Vegas Stars : RHP Dema Mitenkov
|
Batting: RHB Lorenzo González
|
0-0: Fly out, F9 (Flyball, 89XD)
|
Batting: LHB Mike Williams
|
0-0: Fly out, F8 (Flyball, 8LM)
|
Batting: RHB Víctor Arredondo
|
0-0: Ball 1-0: Ball 2-0: Swinging Strike 2-1: Ball 3-1: Fly out, F8 (Flyball, 8LS)
|
Bottom of the 7th over - 0 run(s), 0 hit(s), 0 error(s), 0 left on base; Las Vegas 2 - Vancouver 1 |
TOP OF THE 8TH |
Las Vegas Stars batting - Pitching for Vancouver Vipers : RHP Mark Greene
|
Batting: RHB Kyle Bacon
|
0-0: Called Strike 0-1: Fly out, F9 (Flyball, 9)
|
Batting: SHB Héctor Barajas
|
0-0: Swinging Strike 0-1: Called Strike 0-2: Strikes out swinging
|
Batting: LHB Diego Torres
|
0-0: SOLO HOME RUN (Flyball, 9LD), Distance : 460 ft
|
Batting: LHB Joaquín González
|
0-0: Ball 1-0: Ball 2-0: Ball 3-0: Called Strike 3-1: Foul Ball, location: 2F 3-2: Base on Balls
|
Batting: LHB Paco Rivera
|
0-0: Ball 1-0: Called Strike 1-1: Ball 2-1: Ball 3-1: Base on Balls Joaquín González to second
|
Batting: LHB Ethan Marshall
|
0-0: Called Strike 0-1: Ball 1-1: Fielders Choice at 2nd, 4-6 (Groundball, 4)
|
Top of the 8th over - 1 run(s), 1 hit(s), 0 error(s), 1 left on base; Las Vegas 3 - Vancouver 1 |
BOTTOM OF THE 8TH |
Vancouver Vipers batting - Pitching for Las Vegas Stars : RHP Dema Mitenkov
|
Batting: RHB Ryan Parrish
|
0-0: Fly out, F8 (Flyball, 8RD)
|
Batting: RHB Miguel Palácios
|
0-0: Ball 1-0: SINGLE (Line Drive, 6MD)
|
Batting: LHB Dave Gray
|
0-0: Ball 1-0: Ball 2-0: Ball 3-0: Base on Balls Miguel Palácios to second
|
Pitching: LHP Jesús González
|
|
Batting: LHB Larry Howard
|
0-0: Ball 1-0: Ball 2-0: Ball 3-0: Called Strike 3-1: Base on Balls Miguel Palácios to third Dave Gray to second
|
Pinch Hitting: RHB Daniel Robert
|
0-0: Ball 1-0: Called Strike 1-1: Foul Ball, location: 2F 1-2: Foul Ball, location: 2F 1-2: Foul Ball, location: 2F 1-2: Foul Ball, location: 2F 1-2: Foul Ball, location: 2F 1-2: Ball 2-2: Grounds into double play, 4-6-3 (Groundball, 4)
|
Bottom of the 8th over - 0 run(s), 1 hit(s), 0 error(s), 2 left on base; Las Vegas 3 - Vancouver 1 |
TOP OF THE 9TH |
Las Vegas Stars batting - Pitching for Vancouver Vipers : RHP Mark Greene
|
Now in LF: Daniel Robert
|
|
Batting: RHB Jonathan MacVey
|
0-0: Ball 1-0: Ball 2-0: Foul Ball, location: 2F 2-1: SINGLE (Line Drive, 7S)
|
Batting: RHB Juan Valverde
|
0-0: Sac Bunt - play at first, batter OUT! 5-3 Jonathan MacVey to second
|
Batting: RHB Tom Howe
|
0-0: Intentional Walk
|
Pinch Hitting: RHB Ryan McBride
|
0-0: Swinging Strike 0-1: Ball 1-1: Swinging Strike 1-2: Ball 2-2: Foul Ball, location: 2F 2-2: Ball 3-2: Grounds into double play, 6-4-3 (Groundball, 6)
|
Top of the 9th over - 0 run(s), 1 hit(s), 0 error(s), 1 left on base; Las Vegas 3 - Vancouver 1 |
BOTTOM OF THE 9TH |
Vancouver Vipers batting - Pitching for Las Vegas Stars : LHP Jesús González
|
Pitching: RHP Terry Adams
|
|
Now at 3B: Brian George
|
|
Batting: SHB Henry Copeland
|
0-0: Called Strike 0-1: Foul Ball, location: 2F 0-2: Strikes out swinging
|
Batting: RHB Lorenzo González
|
0-0: Called Strike 0-1: Called Strike 0-2: Ball 1-2: Foul Ball, location: 2F 1-2: DOUBLE (Line Drive, 9LD)
|
Batting: LHB Mike Williams
|
0-0: Foul Ball, location: 2F 0-1: TRIPLE (Line Drive, 8RM) Lorenzo González scores
|
Batting: RHB Víctor Arredondo
|
0-0: Ball 1-0: Foul Ball, location: 2F 1-1: Ball 2-1: Called Strike 2-2: Ball 3-2: Strikes out looking
|
Pinch Hitting: RHB Marvin Workman
|
0-0: Ball 1-0: Called Strike 1-1: Foul Ball, location: 2F 1-2: Ball 2-2: Ground out 4-3 (Groundball, 4)
|
Bottom of the 9th over - 1 run(s), 2 hit(s), 0 error(s), 1 left on base; Las Vegas 3 - Vancouver 2 |
|